 Dungeon Crawl Stone Soup version 0.32-a0-968-g61e5eb5241 (webtiles) character file.

Game seed: 2576277575863581280

1387287 NormalPerson7 the Petrodigitator (level 27, 231/231 HPs)
             Began as a Formicid Alchemist on Apr 17, 2024.
             Was a High Priest of Sif Muna.
             Escaped with the Orb
             ... and 3 runes on Apr 18, 2024!
             The game lasted 06:27:14 (111277 turns).

NormalPerson7 the Petrodigitator (FoAl)           Turns: 111277, Time: 06:27:15

Health: 231/231    AC: 29    Str: 16    XL:     27
Magic:  44/45      EV: 20    Int: 40    God:    Sif Muna [*****.]
Gold:   5637       SH: 19    Dex: 13    Spells: 3/62 levels left

rFire   + + +        b - staff of Greed {rF++ Int+3 Earth}
rCold   + . .        L - +5 kite shield {AC+3}
rNeg    . . .        E - +4 swamp dragon scales
rPois   +            (helmet unavailable)
rElec   .            y - +1 cloak {rCorr}
rCorr   +            H - +1 pair of gloves "Athru" {Will+ Str+2}
SInv    +            U - +3 pair of mountain boots {steadfast, rC+}
Will    +++..        x - amulet of magic regeneration
Stlth   +            T - ring "Otse" {Fly rF+ EV+5 Slay+3}
HPRegen 0.58/turn    B - +6 ring of intelligence
MPRegen 0.69/turn

%: no passive effects
@: flying, studying Summonings
A: permanent stasis, dig shafts and tunnels, antennae 3, four strong arms,
clever 1, mutation resistance 1, inability to drink after injury 2
0: Orb of Zot
}: 3/15 runes: serpentine, barnacled, silver
a: Dig, Shaft Self, Renounce Religion, Channel Magic, Forget Spell, Divine
Exegesis


You escaped.
You worshipped Sif Muna.
Sif Muna was extremely pleased with you.
You visited 11 branches of the dungeon, and saw 51 of its levels.
You visited 1 bazaar.
You also visited: Ossuary and Volcano.

You collected 9597 gold pieces.
You spent 3960 gold pieces at shops.

Inventory:

Hand Weapons
 a - the +10 long sword "ETAOIN SHRDLU" {flame, *Slow Fly rElec rF+}
   (You took it off a deep elf zephyrmancer on level 3 of the Elven Halls)

   rF+:       It protects you from fire.
   rElec:     It insulates you from electricity.
   Fly:       It grants you flight.
   *Slow:     It may slow you when you take damage.
Missiles
 l - 50 boomerangs
 M - 5 throwing nets {!f}
Armour
 y - a +1 cloak of preservation (worn)
 D - the +3 leather armour of the Eight Wonders {rPois rF+ Str+4}
   (You took it off an ironbound convoker on level 1 of the Vaults)

   Str+4:     It affects your strength (+4).
   rF+:       It protects you from fire.
   rPois:     It protects you from poison.
 E - +4 swamp dragon scales (worn)
 H - the +1 pair of gloves "Athru" (worn) {Will+ Str+2}
   (You acquired it on level 3 of the Dungeon)

   Str+2:     It affects your strength (+2).
   Will+:     It increases your willpower.
 L - a +5 kite shield of protection (worn)
 U - the +3 pair of mountain boots (worn) {steadfast, rC+}
   (You acquired it on level 3 of the Snake Pit)

   Steadfast: It prevents involuntary movement, except for blinking,
   teleportation, or banishment.
   rC+:       It protects you from cold.
Magical Staves
 b - the staff of Greed (weapon) {rF++ Int+3 Earth}
   (You found it on level 4 of the Shoals)

   [staff of earth]

   Base accuracy: +5 Base damage: 5 Base attack delay: 1.2 This weapon's minimum
   attack delay (0.6) is reached at skill level 12.
   Int+3:     It affects your intelligence (+3).
   rF++:      It greatly protects you from fire.
   Earth:     It increases the power of your Earth spells.
   It falls into the 'Staves' category.
   It is a weapon for one hand-pair.
Jewellery
 x - an amulet of magic regeneration (around neck)
 A - the ring "Vefytefa" {rPois Will+}
   (You took it off a centaur on level 15 of the Dungeon)

   [ring of willpower]

   rPois:     It protects you from poison.
   Will+:     It increases your willpower.
 B - a +6 ring of intelligence (right hand)
 C - the ring of Fuetz {EV+5 Dex+3 Slay-3}
   (You bought it in a shop on level 1 of the Shoals)

   [ring of evasion]

   EV+5:      It affects your evasion (+5).
   Dex+3:     It affects your dexterity (+3).
   Slay-3:    It affects your accuracy & damage with ranged weapons and melee
   (-3).
 F - a ring of protection from fire
 P - the ring "Tixajele" {rC+ rN+}
   (You bought it in a shop on level 1 of the Shoals)

   [ring of positive energy]

   rC+:       It protects you from cold.
   rN+:       It protects you from negative energy.
 T - the ring "Otse" (left hand) {Fly rF+ EV+5 Slay+3}
   (You found it on level 5 of the Vaults)

   [ring of evasion]

   EV+5:      It affects your evasion (+5).
   Slay+3:    It affects your accuracy & damage with ranged weapons and melee
   (+3).
   rF+:       It protects you from fire.
   Fly:       It grants you flight.
 W - a ring of willpower
 Y - a ring of positive energy
Wands
 k - a wand of digging (26)
 p - a wand of mindburst (30)
 I - a wand of charming (29)
 J - a wand of acid (59)
 N - a wand of warping (35)
 X - a wand of polymorph (21)
Scrolls
 e - 12 scrolls of fear
 g - 7 scrolls of revelation
 n - 8 scrolls of poison
 o - 6 scrolls of fog
 r - 2 scrolls of torment
 t - 10 scrolls of immolation
 u - 3 scrolls of butterflies {!r}
 v - 4 scrolls of silence
 G - 5 scrolls of vulnerability
 K - a scroll of acquirement
Potions
 c - a potion of cancellation
 d - 8 potions of mutation
 h - 16 potions of heal wounds
 i - 14 potions of brilliance
 j - 5 potions of ambrosia
 m - 10 potions of might
 q - 18 potions of curing
 s - 4 potions of resistance
 z - 4 potions of magic
 O - 6 potions of enlightenment
 R - 6 potions of attraction
 S - 9 potions of lignification
 Z - a potion of invisibility
Miscellaneous
 f - a box of beasts
 w - a condenser vane
 Q - a lightning rod (4/4)
 V - a Gell's gravitambourine (2/2)


   Skills:
 - Level 22.0 Fighting
 + Level 17.0 Armour
 - Level 15.0 Dodging
 - Level 4.0 Stealth
 + Level 19.2 Shields
 - Level 18.0 Spellcasting
 - Level 13.0 Conjurations
 - Level 10.0 Hexes
 - Level 7.5 Fire Magic
 - Level 5.0 Ice Magic
 - Level 3.0 Air Magic
 O Level 27 Earth Magic
 - Level 18.0 Alchemy
 - Level 15.0 Invocations
 - Level 6.0 Evocations


You had 3 spell levels left.
You knew the following spells:

 Your Spells              Type           Power      Damage    Failure   Level
b - Eringya's Noxious Bo  Alch           55%        4d6       1%          6
d - Lee's Rapid Deconstr  Erth           77%        3d34*     0%          5
e - Permafrost Eruption   Ice/Erth       64%        2x4d14    1%          6
i - Ignite Poison         Fire/Alch      95%        N/A       1%          4
o - Olgreb's Toxic Radia  Alch           100%       N/A       0%          4
r - Irradiate             Conj/Alch      51%        3d28      1%          5
u - Yara's Violent Unrav  Hex/Alch       49%        3d19      1%          5
x - Lehudib's Crystal Sp  Conj/Erth      69%        10d16     3%          8
C - Seismic Cannonade     Alch/Erth      72%        6d22      1%          7
Z - Shatter               Erth           77%        3d56*     2%          9

Your spell library contained the following spells:

 Spells                   Type           Power      Damage    Failure   Level
 Magic Dart               Conj           100%       1d8       0%          1
 Sandblast                Erth           100%       2d20      0%          1
 Sting                    Conj/Alch      100%       1d9       0%          1
 Searing Ray              Conj           100%       2d8       0%          2
 Passwall                 Erth           100%       N/A       0%          3
 Stone Arrow              Conj/Erth      100%       3d13      0%          3
 Apportation              Tloc           72%        N/A       1%          1
 Foxfire                  Conj/Fire      100%       2x1d9     1%          1
 Freeze                   Ice            100%       1d10      1%          1
 Kiss of Death            Conj/Necr      100%       2d13      1%          1
 Necrotise                Necr           100%       1d9       1%          1
 Shock                    Conj/Air       100%       1d9       1%          1
 Slow                     Hex            100%       N/A       1%          1
 Summon Small Mammal      Summ           100%       N/A       1%          1
 Cigotuvi's Dreadful Rot  Necr/Alch/Air  100%       N/A       1%          2
 Ensorcelled Hibernation  Hex/Ice        100%       N/A       1%          2
 Jinxbite                 Hex            100%       N/A       1%          2
 Mercury Vapours          Alch/Air       100%       N/A       1%          2
 Momentum Strike          Conj/Tloc      100%       3d10      1%          2
 Scorch                   Fire           100%       2d9       1%          2
 Static Discharge         Conj/Air       100%       3-8/arc   1%          2
 Confusing Touch          Hex            86%        N/A       1%          3
 Dazzling Flash           Conj/Hex       100%       N/A       1%          3
 Frozen Ramparts          Ice            100%       1d16      1%          3
 Hailstorm                Conj/Ice       82%        3d14      1%          3
 Inner Flame              Hex/Fire       82%        N/A       1%          3
 Mephitic Cloud           Conj/Alch/Air  91%        N/A       1%          3
 Ozocubu's Armour         Ice            66%        N/A       1%          3
 Sigil of Binding         Hex            86%        N/A       1%          3
 Summon Ice Beast         Ice/Summ       54%        N/A       1%          3
 Tukima's Dance           Hex            86%        N/A       1%          3
 Volatile Blastmotes      Fire/Tloc      100%       2d18      1%          3
 Call Imp                 Summ           72%        N/A       2%          2
 Lesser Beckoning         Tloc           72%        N/A       2%          2
 Sublimation of Blood     Necr           36%        N/A       2%          2
 Call Canine Familiar     Summ           36%        N/A       4%          3
 Teleport Other           Tloc           36%        N/A       4%          3
 Vampiric Draining        Necr           36%        2d8       4%          3
 Brom's Barrelling Bould  Conj/Erth      100%       2d11      0%          4
 Leda's Liquefaction      Alch/Erth      72%        N/A       0%          4
 Petrify                  Alch/Erth      100%       N/A       0%          4
 Anguish                  Hex/Necr       33%        N/A       1%          4
 Animate Armour           Summ/Erth      100%       N/A       1%          4
 Cause Fear               Hex            43%        N/A       1%          4
 Dimensional Bullseye     Hex/Tloc       33%        N/A       1%          4
 Flame Wave               Conj/Fire      87%        2d19      1%          4
 Fulminant Prism          Conj/Alch      51%        3d23      1%          4
 Iskenderun's Mystic Bla  Conj/Tloc      73%        2d15      (+2d81%     4
 Sticky Flame             Fire/Alch      95%        2d14      1%          4
 Alistair's Intoxication  Alch           73%        N/A       1%          5
 Arcjolt                  Conj/Air       39%        1d49      1%          5
 Borgnjor's Vile Clutch   Necr/Erth      60%        N/A       1%          5
 Fireball                 Conj/Fire      43%        3d17      1%          5
 Iskenderun's Battlesphe  Conj           96%        2d14      1%          5
 Metabolic Englaciation   Hex/Ice        38%        N/A       1%          5
 Bombard                  Conj/Erth      69%        9d11      1%          6
 Freezing Cloud           Conj/Ice/Air   37%        6-21      2%          5
 Sculpt Simulacrum        Ice/Alch       45%        N/A       2%          6
 Summon Blazeheart Golem  Fire/Summ      60%        N/A       3%          4
 Silence                  Hex/Air        36%        N/A       3%          5
 Starburst                Conj/Fire      43%        6d12      3%          6
 Magnavolt                Erth/Air       62%        3d24      3%          7
 Airstrike                Air            28%        2d(4-20)  4%          4
 Summon Mana Viper        Hex/Summ       66%        N/A       6%          5
 Orb of Destruction       Conj           48%        9d13      7%          7
 Summon Lightning Spire   Summ/Air       48%        N/A       9%          4
 Conjure Ball Lightning   Conj/Air       39%        3x3d13    10%         6
 Animate Dead             Necr           36%        N/A       16%         4
 Dispel Undead            Necr           36%        3d15      16%         4
 Martyr's Knell           Necr/Summ      36%        N/A       16%         4
 Passage of Golubria      Tloc           36%        N/A       16%         4
 Fulsome Fusillade        Conj/Alch      51%        (3-5)d15  19%         8
 Enfeeble                 Hex            43%        N/A       22%         7
 Plasma Beam              Fire/Air       33%        2x1d46    28%         6
 Curse of Agony           Necr           36%        N/A       41%         5
 Summon Forest            Summ/Tloc      18%        N/A       41%         5
 Spellforged Servitor     Conj/Summ      36%        N/A       67%         7
 Ozocubu's Refrigeration  Ice            33%        4d14      87%         7
 Discord                  Hex            43%        N/A       87%         8
 Death Channel            Necr           18%        N/A       94%         6
 Dispersal                Tloc           18%        N/A       94%         6
 Gell's Gavotte           Tloc           18%        2d(19-28) 94%         6
 Summon Cactus Giant      Summ           18%        N/A       94%         6
 Rimeblight               Ice/Necr       27%        2d6       (prima99%   7
 Ignition                 Fire           38%        3d11      99%         8
 Haunt                    Necr/Summ      18%        N/A       100%        7
 Malign Gateway           Summ/Tloc      18%        N/A       100%        7
 Manifold Assault         Tloc           18%        N/A       100%        7
 Summon Hydra             Summ           18%        N/A       100%        7
 Borgnjor's Revivificati  Necr           18%        N/A       100%        8
 Disjunction              Tloc           18%        N/A       100%        8
 Infestation              Necr           18%        N/A       100%        8
 Maxwell's Capacitive Co  Air            28%        ∞         100%        8
 Summon Horrible Things   Summ           18%        N/A       100%        8
 Chain Lightning          Conj/Air       39%        3d52      100%        9
 Death's Door             Necr           18%        N/A       100%        9
 Dragon's Call            Summ           18%        N/A       100%        9
 Fire Storm               Conj/Fire      43%        8d11      100%        9
 Swiftness                Air            Unusable   N/A       N/A         3
 Maxwell's Portable Pile  Tloc           Unusable   2d(8-24)  N/A         3

Dungeon Overview and Level Annotations

Branches:
Dungeon (15/15)            Temple (1/1) D:4            Lair (5/5) D:10
 Shoals (4/4) Lair:2        Snake (4/4) Lair:2        Slime (0/5) Lair:5
    Orc (2/2) D:12            Elf (3/3) Orc:2        Vaults (5/5) D:13
  Crypt (3/3) Vaults:3       Tomb (0/3) Crypt:3      Depths (4/4) D:15
    Zot (5/5) Depths:4    Ossuary (visited)         Volcano (visited)

Altars:
Ashenzari
Cheibriados
Dithmenos
Elyvilon
Fedhas
Gozag
Hepliaklqana
Kikubaaqudgha
Makhleb
Nemelex Xobeh
Okawaru
Qazlal
Ru
Sif Muna
Trog
Uskayaw
Vehumet
Wu Jian
Xom
Yredelemnul
Zin
The Shining One
Jiyva

Shops:
D:3 (?!*   D:4 =   D:12 ?   Orc:1 (:[   Orc:2 (!:!   Elf:1 (?[   Elf:2 ==:
Elf:3 [   Shoals:1 (=   Shoals:3 *   Vaults:1 (   Depths:3 (:

Portals:
Hell: Depths:1 Depths:2 Depths:3 Depths:4
Abyss: Depths:3 Depths:4
Pandemonium: Orc:2 Depths:2 Depths:3 Depths:4
Ziggurat: Depths:2
Trove: Vaults:2 (give 2 scrolls of acquirement)

Annotations:
D:3 Yiuf
Lair:5 3 runed translucent doors, exclusion: 3 doors, P0WERM0DE's ghost, journeyman CoCK
Shoals:3 1 transporter
Orc:2 2 transporters, P0WERM0DE's ghost, journeyman CoMo
Vaults:4 36 runed translucent doors, exclusion: 13 doors
Depths:4 2 transporters
Zot:3 2 transporters, Raoschyll's ghost, legendary FoHu
Zot:5 4 transporters


Innate Abilities, Weirdness & Mutations

You cannot be hasted, slowed, berserked, paralysed or teleported.
You can dig through walls and to a lower floor.
You have a pair of large antennae on your head. (SInv)
Your four strong arms can wield two-handed weapons with a shield.
Your mind is acute. (Int +4, Str/Dex -1)
You are somewhat resistant to further mutation.
You sometimes lose the ability to drink potions when taking damage.


Message History

(H) Hell (Z) Zot
Where to? (Tab/Enter - D:1 @ (x,y), ? - help)
There is a stone staircase leading up here.
You fly upwards.
There is a stone staircase leading down here.
Magic restored.
There is a stone staircase leading up here.
You fly upwards.
Level annotation: Yiuf
There is a stone staircase leading down here.
There is an open door here.
There is an open door here.
You see here a +0 dagger.
There is a stone staircase leading up here.
You fly upwards.
There is a stone staircase leading down here.
You see here an adder skeleton.
There is a stone staircase leading up here.
You fly upwards.
There is a stone staircase leading down here.
An orange demon comes into view.
Casting: Permafrost Eruption (mildly dangerous; 1% risk of failure)
Confirm with . or Enter, or press ? or * to list all spells.
Casting: Permafrost Eruption (mildly dangerous; 1% risk of failure)
Press: ? - help, Dir - look around, f - activate You feel a surge of power!
Bitter cold erupts, blasting rock from the ceiling!
The mass of rock hits the orange demon!!!
The orange demon is severely wounded.
Piercing cold boils outward!
The piercing cold hits the orange demon!!!
You kill the orange demon!
Sif Muna accepts your kill.
(D) Dungeon (T) Temple (L) Lair (A) Shoals (P) Snake Pit (M) Slime Pits (O) Orcish Mines (E) Elven Halls (V) Vaults (C) Crypt (W) Tomb (U) Depths (H) Hell (Z) Zot
Where to? (Tab/Enter - D:1 @ (x,y), ? - help)
There is a staircase leading out of the dungeon here.
You have escaped!

..####### ........###
#.........#########
#)........#≈≈≈≈≈≈≈# ############
######....#≈≈≈≈.≈≈###..........#
#....≈≈≈......##..........#
#....≈≈≈......##..........#
####.≈≈≈......##..........##
##### #.≈≈..≈.@..##............
#...# #.≈≈≈~≈....##..........##
#...# #.≈≈≈≈~....##..........#
###...# #.≈≈≈≈≈....##..........#
......# #.#≈≈≈≈....##>.........#
....#####.#######..##..........#
............# ##.............#
............# #####........##
............# #........#


There were no monsters in sight!

Vanquished Creatures
  5 dread liches
  Mennas (Crypt:2)
  4 ancient liches
  6 orbs of fire
  A juggernaut (Depths:3)
  Bai Suzhen (Vaults:4)
  Vashnia (Snake:4)
  Saint Roka (Depths:1)
  4 Killer Klowns
  5 curse toes
  Margery (Crypt:2)
  6 caustic shrikes
  Jory (Vaults:5)
  14 golden dragons
  5 electric golems
  2 doom hounds (Crypt:2)
  A Brimstone Fiend (D:7)
  A hellephant (Crypt:2)
  Rupert (D:15)
  14 tentacled monstrosities
  A walking crystal tome (Depths:3)
  A walking earthen tome (Depths:2)
  A shard shrike skeleton (Crypt:3)
  25 Orb Guardians (Zot:5)
  The ghost of Ennajel the Warrior, an adept DsMo of Qazlal (Elf:2)
  Grunn (Crypt:2)
  6 liches
  Asterion (Depths:2)
  5 titans
  2 deep elf blademasters
  A deep elf master archer (Elf:3)
  8 sphinxes
  A walking frostbound tome (Depths:2)
  7 quicksilver dragons
  A kraken (Shoals:3)
  6 death cobs
  6 ancient champions
  10 shadow dragons
  Polyphemus (Shoals:3)
  10 tengu reavers
  3 revenants
  Kirke (D:15)
  The ghost of koorschki the Warrior, an adept DsMo of Gozag (Shoals:3)
  12 storm dragons
  2 protean progenitors (Zot:3)
  Roxanne (D:15)
  4 draconian knights
  4 nagarajas
  A draconian monk (Depths:4)
  7 fire giants
  An iron dragon (Vaults:5)
  An angel (Zot:3)
  6 draconian scorchers
  4 deep elf sorcerers
  21 vault wardens
  3 ghost moths
  13 frost giants
  4 draconian shifters
  6 deep elf elementalists (Elf:3)
  A draconian stormcaller (Zot:5)
  2 reapers
  Louise (Elf:2)
  3 orc warlords
  3 curse skulls
  2 ghouls (Crypt:2)
  3 draconian annihilators
  2 formless jellyfish
  4 spriggan defenders
  17 very ugly things
  10 ironbound preservers
  A demonspawn blood saint (Zot:1)
  11 ironbound thunderhulks
  11 green draconians
  20 stone giants
  6 vampire knights
  A lorocyproca (Depths:2)
  15 deep elf annihilators
  8 deep elf demonologists
  10 black draconians
  4 deep elf death magi
  A demonspawn black sun (Zot:1)
  13 purple draconians
  11 red draconians
  4 dire elephants
  2 minotaurs (Shoals:4)
  Azrael (D:14)
  A white draconian (Zot:2)
  4 eidola
  8 war gargoyles
  5 yellow draconians
  2 spark wasps
  15 fire dragons
  2 crystal guardians
  A blizzard demon (Zot:1)
  6 jiangshi
  7 merfolk impalers
  18 ettins
  3 rakshasas
  2 salamander tyrants (Snake:4)
  46 vault guards
  8 deep elf high priests
  5 hydras
  11 yaktaur captains
  7 great orbs of eyes
  Erolcha (D:10)
  A quicksilver dragon skeleton (Crypt:3)
  2 spriggan air magi (Depths:2)
  8 ice dragons
  A spriggan zombie (Crypt:2)
  5 ogre magi
  6 peacekeepers
  3 catoblepae
  An alligator snapping turtle (Shoals:4)
  A demonspawn (Orc:2)
  8 centaur warriors
  3 ghost crabs (Crypt:3)
  A spriggan skeleton (Crypt:3)
  6 anacondas
  A merfolk avatar (Shoals:3)
  2 boulder beetles
  5 ironbound frosthearts
  2 death knights
  A two-headed ogre (shapeshifter) (Vaults:5)
  5 two-headed ogres
  28 dancing weapons
  8 deep troll shamans
  8 deep troll earth magi
  27 death yaks
  10 satyrs
  5 orc high priests
  5 tengu warriors
  14 naga sharpshooters
  Urug (Lair:5)
  19 deep elf knights
  A shock serpent (shapeshifter) (Elf:1)
  A soul eater (Crypt:1)
  11 hell knights
  5 shock serpents
  2 vampire magi
  A fire crab (shapeshifter) (Vaults:5)
  An occultist (Depths:2)
  8 skysharks
  Sonja (D:12)
  8 spriggan berserkers
  2 sun demons
  16 naga warriors
  6 iron trolls
  3 salamander mystics
  A shadow wraith (Crypt:3)
  A sixfirhy (Orc:2)
  41 skeletal warriors
  11 flayed ghosts
  11 sea snakes
  12 deep elf archers
  5 naga ritualists
  28 deep trolls
  A storm dragon skeleton (Crypt:3)
  A golden dragon zombie (Crypt:1)
  An orange crystal statue (Elf:1)
  8 mana vipers
  2 deep trolls (shapeshifter)
  A swamp dragon (Zot:2)
  5 glowing orange brains
  A bunyip skeleton (Crypt:3)
  A shadow demon (D:8)
  A bog body (Crypt:2)
  2 thermic dynamos (Elf:3)
  9 arcanists
  11 necromancers
  A harpy (shapeshifter) (D:11)
  28 harpies
  An anaconda skeleton (Crypt:3)
  23 phantasmal warriors
  20 deep elf zephyrmancers
  14 orc knights
  19 ironbound convokers
  8 lindwurms
  An obsidian bat (Orc:2)
  30 deep elf pyromancers
  10 orc sorcerers
  A wolf spider (Zot:3)
  47 ugly things
  16 manticores
  17 fauns
  29 moths of wrath
  10 cyclopes
  12 salamanders
  13 elephants
  25 black mambas
  A stone giant skeleton (Depths:2)
  3 meliai (D:14)
  3 kobold blastminers (Orc:1)
  3 guardian serpents
  8 gargoyles
  An ice statue (Elf:1)
  19 vault sentinels
  10 merfolk sirens
  14 naga magi
  3 water nymphs
  An orange demon (D:1)
  A smoke demon (Depths:3)
  An elephant slug zombie (Crypt:1)
  3 molten gargoyles (Volcano)
  A hellion (D:5)
  14 cane toads
  4 kobold demonologists (D:11)
  3 rime drakes
  2 efreet (Volcano)
  40 yaktaurs
  A yaktaur (shapeshifter) (Vaults:1)
  An alligator snapping turtle skeleton (Crypt:3)
  11 komodo dragons
  8 freezing wraiths
  5 tengu conjurers
  An anaconda simulacrum (Crypt:2)
  3 unseen horrors
  2 guardian mummies (Crypt:3)
  A harpy zombie (Crypt:2)
  A red devil (Orc:2)
  A tormentor (Depths:2)
  6 trolls
  A sea snake skeleton (Crypt:1)
  2 merfolk (shapeshifter) (Vaults:5)
  15 merfolk
  6 polar bears
  8 wind drakes
  A jumping spider (shapeshifter) (D:14)
  5 hornets
  A polar bear (shapeshifter) (D:11)
  A blink frog (shapeshifter) (Elf:2)
  36 blink frogs
  A harpy skeleton (Crypt:2)
  13 dream sheep
  Grinder (D:3)
  A snapping turtle (shapeshifter) (Vaults:5)
  A meliai zombie (D:15)
  15 snapping turtles
  An ettin zombie (Depths:2)
  2 glass eyes
  24 slime creatures
  A centaur simulacrum (D:15)
  An ice dragon skeleton (Crypt:2)
  4 spriggans
  5 shadows (Crypt:3)
  42 yaks
  6 fire elementals
  A spriggan (shapeshifter) (D:11)
  8 fire dragon skeletons (Crypt:3)
  An ettin skeleton (Crypt:2)
  5 water elementals
  2 wyverns
  12 wraiths
  Eustachio (D:4)
  4 hogs (D:15)
  A tyrant leech zombie (Crypt:2)
  A golden eye (D:14)
  6 basilisks
  6 wargs
  25 vampire mosquitoes
  Edmund (D:5)
  A two-headed ogre zombie (Crypt:1)
  A harpy simulacrum (Crypt:2)
  29 nagas
  A swamp worm (shapeshifter) (Vaults:5)
  2 acid dragons
  3 hell hounds (D:14)
  11 water moccasins
  A glowing shapeshifter skeleton (Depths:2)
  43 orc warriors
  5 black bears
  An ice beast (D:6)
  28 laughing skulls
  11 ogres
  A sky beast (D:7)
  22 wolves
  A swamp dragon skeleton (Crypt:2)
  A phantom (D:5)
  16 centaurs
  A lindwurm skeleton (Crypt:2)
  4 kobold brigands
  9 bullfrogs
  A draconian skeleton (Crypt:1)
  A gnoll sergeant (D:11)
  A wyvern zombie (D:11)
  8 earth elementals
  5 scorpions
  A wyvern skeleton (D:6)
  A troll zombie (Crypt:1)
  A killer bee (shapeshifter) (D:15)
  8 killer bees
  A troll skeleton (Crypt:2)
  4 howler monkeys
  2 polar bear skeletons (Crypt:2)
  An electric eel (Lair:1)
  2 centaur zombies
  5 jellies (Lair:5)
  35 orc priests
  5 bombardier beetles
  Crazy Yiuf (D:3)
  4 hounds
  3 gnoll boudas
  A scrub nettle (Lair:3)
  A bullfrog skeleton (D:6)
  A sleepcap (D:7)
  Terence (D:3)
  6 iguanas
  13 orc wizards
  6 hell rats (Lair:5)
  A killer bee zombie (D:6)
  A tengu zombie (Crypt:2)
  17 mummies
  27 gnolls
  A howler monkey zombie (D:6)
  8 adders
  A shadow imp (D:7)
  A swamp drake skeleton (Crypt:2)
  2 white imps
  An ufetubus (D:7)
  An iguana skeleton (Crypt:1)
  A dart slug (D:4)
  A ribbon worm (D:4)
  92 orcs
  4 endoplasms
  2 giant cockroaches
  3 gnoll zombies (Ossuary)
  4 hobgoblins
  6 jackals
  5 quokkas
  3 training dummies (Shoals:1)
  8 ball pythons
  2 bats (D:3)
  A frilled lizard (D:1)
  3 goblins
  A hobgoblin zombie (Crypt:2)
  13 kobolds
  3 kobold zombies (Ossuary)
  2 orc zombies (Ossuary)
  2 rats (D:1)
  3 aspiring fleshes (Zot:3)
  4 tentacles (Shoals:3)
2295 creatures vanquished.

Vanquished Creatures (collateral kills)
  An orb of fire (Zot:5)
  A Killer Klown (Zot:5)
  A lich (Depths:1)
  A frost giant (Depths:3)
  2 vault wardens
  A deep elf elementalist (Elf:3)
  2 ironbound preservers (Vaults:2)
  An ironbound thunderhulk (Vaults:2)
  A very ugly thing (Depths:3)
  A green draconian (Zot:5)
  3 black draconians
  A fire dragon (Depths:3)
  2 vault guards (Vaults:1)
  2 ice dragons
  2 ironbound frosthearts
  2 hell knights (Depths:1)
  2 naga sharpshooters (Snake:4)
  3 naga warriors
  An orb spider (shapeshifter) (Vaults:1)
  4 deep trolls
  An ironbound convoker (Vaults:1)
  2 ugly things (Vaults:2)
  A salamander (Snake:4)
  2 naga magi
  A vault sentinel (Vaults:2)
  A guardian serpent (Snake:4)
  A black mamba (Snake:4)
  A slime creature (Vaults:2)
  4 nagas
48 creatures vanquished.

Vanquished Creatures (others)
  A ghost moth (Zot:5)
  An orc knight (Vaults:5)
  94 fulminant prisms
  13 tentacles (Shoals:3)
109 creatures vanquished.

Grand Total: 2452 creatures vanquished

Notes
Turn   | Place    | Note
-------+----------+-------------------------------------------
     0 | D:1      | NormalPerson7 the Formicid Alchemist began the quest for
                  | the Orb.
     0 | D:1      | Reached XP level 1. HP: 13/13 MP: 3/3
   107 | D:1      | Reached skill level 1 in Conjurations
   197 | D:1      | Found a faded altar of an unknown god.
   381 | D:1      | Reached skill level 1 in Air Magic
   495 | D:1      | Reached XP level 2. HP: 19/19 MP: 3/5
   498 | D:1      | Learned a level 2 spell: Mercury Vapours
  1306 | D:1      | Reached skill level 5 in Alchemy
  1306 | D:1      | Reached XP level 3. HP: 24/24 MP: 0/6
  2549 | D:2      | Reached XP level 4. HP: 30/30 MP: 0/7
  3354 | D:3      | Found Birimex's Assorted Antiques.
  3425 | D:3      | Noticed Grinder
  3623 | D:3      | Found Vungeep's Weapon Boutique.
  3662 | D:3      | Reached XP level 5. HP: 35/35 MP: 0/9
  3748 | D:3      | Learned a level 4 spell: Olgreb's Toxic Radiance
  3895 | D:3      | Learned a level 3 spell: Mephitic Cloud
  3993 | D:3      | Found Puamior's Magic Scroll Shop.
  3999 | D:3      | Bought a scroll of fear for 56 gold pieces
  4135 | D:3      | Reached XP level 6. HP: 41/41 MP: 1/10
  4347 | D:4      | Noticed Eustachio
  4370 | D:4      | Killed Eustachio
  4513 | D:4      | Reached XP level 7. HP: 46/46 MP: 9/11
  4533 | D:4      | Found a sand-covered staircase.
  4540 | Ossuary  | Entered an ossuary
  4797 | Ossuary  | Reached skill level 1 in Fire Magic
  5606 | D:3      | Bought a worn bone wand for 80 gold pieces
  5606 | D:3      | Bought a runed cloak for 150 gold pieces
  6249 | D:4      | Found a staircase to the Ecumenical Temple.
  6284 | Temple   | Entered the Ecumenical Temple
  6310 | Temple   | Became a worshipper of Elyvilon the Healer
  6881 | D:4      | Found Ikit's Jewellery Emporium.
  7131 | D:4      | Reached XP level 8. HP: 29/52 MP: 0/13
  7360 | D:4      | Learned a level 4 spell: Sticky Flame
  7664 | D:5      | Entered Level 5 of the Dungeon
  7739 | D:5      | Reached * piety under Elyvilon
  8335 | D:5      | Reached ** piety under Elyvilon
  8399 | D:5      | Reached skill level 10 in Alchemy
  8487 | D:5      | Reached skill level 5 in Fire Magic
  8958 | D:5      | Reached skill level 5 in Spellcasting
  8958 | D:5      | Reached XP level 9. HP: 57/57 MP: 11/16
  9138 | D:5      | Noticed Edmund
  9171 | D:5      | Killed Edmund
  9834 | D:6      | Reached skill level 1 in Invocations
 10239 | D:7      | Found an iron altar of Okawaru.
 10388 | D:7      | Found a radiant altar of Vehumet.
 10543 | D:7      | Reached *** piety under Elyvilon
 10974 | D:7      | Reached skill level 5 in Fighting
 11086 | D:7      | Reached XP level 10. HP: 74/74 MP: 8/17
 11588 | D:7      | Identified the +8 mace "Kytas" {speed, rF++}
 11598 | D:7      | Reached skill level 1 in Evocations
 11606 | D:7      | Found a shimmering blue altar of Sif Muna.
 11611 | D:7      | Fell from the grace of Elyvilon
 11611 | D:7      | Became a worshipper of Sif Muna the Loreminder
 12502 | D:8      | Found an opulent altar of Gozag.
 12505 | D:8      | Found a hazy altar of Hepliaklqana.
 12959 | D:9      | Found a shadowy altar of Dithmenos.
 13043 | D:9      | Reached * piety under Sif Muna
 13044 | D:9      | Reached skill level 5 in Conjurations
 13168 | D:9      | Learned a level 4 spell: Fulminant Prism
 13714 | D:9      | Found a shimmering altar of Xom.
 13845 | D:9      | Found a glowing silver altar of Zin.
 14590 | D:10     | Entered Level 10 of the Dungeon
 14594 | D:10     | Reached XP level 11. HP: 80/81 MP: 9/18
 14702 | D:10     | Found an ancient bone altar of Kikubaaqudgha.
 14704 | D:10     | Found a blossoming altar of Fedhas.
 14730 | D:10     | Noticed Erolcha
 14761 | D:10     | Killed Erolcha
 15106 | D:10     | Found a staircase to the Lair.
 15653 | Lair:1   | Entered Level 1 of the Lair of Beasts
 15897 | Lair:1   | Reached skill level 5 in Invocations
 15897 | Lair:1   | Reached skill level 5 in Evocations
 16237 | Lair:1   | Reached ** piety under Sif Muna
 16240 | Lair:1   | Reached skill level 5 in Dodging
 16903 | Lair:1   | Reached XP level 12. HP: 95/95 MP: 15/20
 17305 | Lair:1   | Identified the +6 trident of Rubbish {flame, Str+4}
 17502 | Lair:1   | Noticed a catoblepas
 17517 | Lair:1   | Killed a catoblepas
 17662 | Lair:1   | Reached skill level 10 in Fighting
 18158 | Lair:2   | Noticed a death yak
 18403 | Lair:2   | Noticed a death yak
 18403 | Lair:2   | Noticed a death yak
 18404 | Lair:2   | Noticed a death yak
 18404 | Lair:2   | Noticed a death yak
 18446 | Lair:2   | Killed a death yak
 18453 | Lair:2   | Killed a death yak
 18508 | Lair:2   | Noticed a death yak
 18529 | Lair:2   | Killed a death yak
 18651 | Lair:2   | Killed a death yak
 18771 | Lair:2   | Killed a death yak
 18826 | Lair:2   | Killed a death yak
 18958 | Lair:2   | Found a staircase to the Snake Pit.
 18997 | Lair:2   | Reached XP level 13. HP: 106/106 MP: 17/25
 19125 | Lair:2   | Reached skill level 1 in Hexes
 19136 | Lair:2   | Reached *** piety under Sif Muna
 19237 | Lair:2   | Found a staircase to the Shoals.
 19359 | Lair:2   | Reached skill level 5 in Hexes
 19965 | Lair:2   | Learned a level 4 spell: Cause Fear
 20358 | Lair:3   | Reached **** piety under Sif Muna
 20717 | Lair:3   | Noticed a four-headed hydra
 20733 | Lair:3   | Killed a four-headed hydra
 21594 | Lair:3   | Identified the +4 hand axe of the Inferno {holy, rPois rF+
                  | SInv}
 21814 | Lair:2   | Reached skill level 10 in Invocations
 21814 | Lair:2   | Reached XP level 14. HP: 73/115 MP: 9/27
 23244 | Lair:3   | Learned a level 5 spell: Yara's Violent Unravelling
 23965 | Lair:4   | Reached skill level 10 in Spellcasting
 26291 | Lair:5   | Entered Level 5 of the Lair of Beasts
 26291 | Lair:5   | Found a viscous altar of Jiyva.
 26292 | Lair:5   | Found a dark tunnel.
 26665 | Volcano  | Entered a volcano
 26665 | Volcano  | Found a burning altar of Makhleb.
 27058 | Volcano  | Reached skill level 1 in Armour
 27138 | Volcano  | Reached ***** piety under Sif Muna
 27428 | Volcano  | Reached XP level 15. HP: 115/123 MP: 17/30
 27953 | Lair:5   | Reached skill level 10 in Hexes
 28058 | Lair:5   | Noticed P0WERM0DE's ghost (journeyman CoCK)
 28063 | Lair:5   | Identified the +8 halberd of Dissatisfaction {drain, rPois
                  | rC- Str+4}
 28077 | Lair:5   | Found a runed translucent gate.
 28077 | Lair:5   | Found a runed translucent gate.
 28077 | Lair:5   | Found a runed translucent gate.
 28224 | Lair:5   | Noticed Urug
 28601 | Lair:5   | Found a staircase to the Slime Pits.
 28611 | Lair:5   | Killed Urug
 28753 | Lair:5   | Learned a level 5 spell: Alistair's Intoxication
 29932 | Lair:5   | Identified the +5 battleaxe of the Endless March {pain,
                  | +Blink rPois}
 30212 | D:11     | Reached skill level 1 in Shields
 30214 | D:11     | Received a gift from Sif Muna
 30217 | D:11     | Got Sif Muna's Quarto of Wildfire and Shades {god gift}
 30223 | D:11     | Learned a level 4 spell: Ignite Poison
 30933 | D:11     | Reached skill level 5 in Shields
 31913 | D:11     | Identified the ring "Fethoqel" {+Blink Fly rElec rC-
                  | Slay-6}
 32480 | D:12     | Noticed Sonja
 32483 | D:12     | Killed Sonja
 33252 | D:12     | Found Voqeura's Magic Scroll Boutique.
 33258 | D:12     | Bought 3 scrolls of butterflies for 204 gold pieces
 33341 | D:12     | Found a staircase to the Orcish Mines.
 33884 | Orc:1    | Entered Level 1 of the Orcish Mines
 33935 | Orc:2    | Entered Level 2 of the Orcish Mines
 34075 | Orc:2    | Reached XP level 16. HP: 133/133 MP: 22/31
 34272 | Orc:2    | Found a transporter.
 34278 | Orc:2    | Noticed P0WERM0DE's ghost (journeyman CoMo)
 34279 | Orc:2    | Identified the +0 great mace of Inquiry {freeze, ^Contam
                  | Int+2 SInv}
 34283 | Orc:2    | Found a transporter.
 35133 | Orc:1    | Received a gift from Sif Muna
 35354 | Orc:1    | Found Nihash's Book Boutique.
 35382 | Orc:1    | Found Hyamul's Armour Emporium.
 35484 | Orc:1    | Found Qenaploci's Weapon Emporium.
 36266 | Orc:2    | Reached skill level 10 in Dodging
 36389 | Orc:2    | Found Baunlut's Distillery.
 36424 | Orc:2    | Found a staircase to the Elven Halls.
 36443 | Orc:2    | Noticed Nessos
 36444 | Orc:2    | Nessos changed into Nessos the elephant
 36444 | Orc:2    | Noticed Nessos
 36458 | Orc:2    | Killed Nessos the elephant
 36824 | Orc:2    | Found Yttiocy's Distillery.
 36826 | Orc:2    | Received a gift from Sif Muna
 36835 | Orc:2    | Got Pedas's Encyclopedia of the Isometric Snowflakes {god
                  | gift}
 37609 | Orc:2    | Found Xateug's Antique Weapon Emporium.
 37609 | Orc:2    | Found Xuxypofa's Book Shoppe.
 37610 | Orc:2    | Found a one-way gate leading to the halls of Pandemonium.
 38246 | D:3      | Killed Grinder
 38251 | D:3      | Found Ehi Gymi's Distillery.
 38254 | D:3      | Noticed Terence
 38261 | D:3      | Killed Terence
 38553 | D:3      | Found a runed translucent door.
 38554 | D:3      | Noticed Crazy Yiuf
 38560 | D:3      | Killed Crazy Yiuf
 38723 | D:3      | Bought a scroll of acquirement for 728 gold pieces
 38959 | D:13     | Reached skill level 1 in Earth Magic
 38972 | D:13     | Reached skill level 2 in Earth Magic
 39084 | D:12     | Reached skill level 3 in Earth Magic
 39193 | D:13     | Received a gift from Sif Muna
 39200 | D:13     | Reached skill level 4 in Earth Magic
 39238 | D:13     | Got Sif Muna's Grimoire of Shining Malediction {god gift}
 39259 | D:13     | Learned a level 5 spell: Irradiate
 39455 | D:13     | Reached skill level 5 in Earth Magic
 39621 | D:13     | Reached skill level 6 in Earth Magic
 39799 | D:13     | Found a gate to the Vaults.
 39888 | D:13     | Reached XP level 17. HP: 139/139 MP: 21/33
 39973 | D:13     | Reached skill level 7 in Earth Magic
 40409 | D:14     | Reached skill level 8 in Earth Magic
 40820 | D:14     | Reached skill level 9 in Earth Magic
 41103 | D:14     | Noticed Azrael
 41712 | D:14     | Reached skill level 10 in Earth Magic
 42097 | D:14     | Killed Azrael
 42445 | D:15     | Entered Level 15 of the Dungeon
 43028 | D:15     | Received a gift from Sif Muna
 43031 | D:15     | Got Sif Muna's Thoughts on the Tragic Sky {god gift}
 43075 | D:15     | Noticed Kirke
 43193 | D:15     | Identified the ring "Vefytefa" {rPois Will+}
 43317 | D:15     | Killed Kirke
 43578 | D:15     | Noticed Roxanne
 43596 | D:15     | Noticed Rupert
 43657 | D:15     | Killed Rupert
 44368 | D:15     | Found a staircase to the Depths.
 44495 | D:12     | Reached skill level 15 in Alchemy
 44606 | Orc:2    | Bought a book of the Earth for 576 gold pieces
 44614 | Orc:2    | Learned a level 5 spell: Lee's Rapid Deconstruction
 44972 | D:3      | Bought a shiny ring mail for 140 gold pieces
 45380 | Orc:2    | Bought a potion of enlightenment for 65 gold pieces
 45521 | Shoals:1 | Entered Level 1 of the Shoals
 45521 | Shoals:1 | Found Citusut's Jewellery Boutique.
 45529 | Shoals:1 | Reached skill level 11 in Earth Magic
 45917 | Shoals:1 | Found Waosyqus's Firing Range.
 46155 | Shoals:1 | Reached skill level 12 in Earth Magic
 46160 | Shoals:1 | Reached XP level 18. HP: 139/146 MP: 7/34
 47246 | Shoals:2 | Reached skill level 13 in Earth Magic
 48634 | Shoals:3 | Received a gift from Sif Muna
 48637 | Shoals:3 | Got Sif Muna's Precepts of Sandy Malediction {god gift}
 48975 | Shoals:3 | Noticed Polyphemus
 48993 | Shoals:3 | Killed Polyphemus
 49214 | Shoals:3 | Noticed a kraken
 49261 | Shoals:3 | Killed a kraken
 49441 | Shoals:3 | Noticed koorschki's ghost (adept DsMo)
 49464 | Shoals:3 | Reached skill level 10 in Shields
 49476 | Shoals:3 | Found a transporter.
 49481 | Shoals:3 | Found a transporter.
 49495 | Shoals:3 | Found a bloodstained altar of Trog.
 49857 | Shoals:3 | Found Fuogeko's Assorted Antiques.
 50854 | Shoals:4 | Entered Level 4 of the Shoals
 51179 | Shoals:4 | Identified the +0 robe of Emoxzanu {+Inv rN+}
 51796 | Shoals:4 | Received a gift from Sif Muna
 51797 | Shoals:4 | Got Sif Muna's Reference Book on the Fairies and Conjuring
                  | {god gift}
 52044 | Shoals:4 | Got the Incunable of Deathly Mud
 52058 | Shoals:4 | Reached XP level 19. HP: 124/152 MP: 23/36
 52064 | Shoals:4 | Reached skill level 14 in Earth Magic
 52231 | Shoals:4 | Identified the staff of Greed {rF++ Int+3 Earth}
 52683 | Shoals:4 | Got a barnacled rune of Zot
 53596 | Elf:1    | Entered Level 1 of the Elven Halls
 53800 | Elf:1    | Found Ynaruttinn's Magic Scroll Shop.
 53807 | Elf:1    | Found Mybitt's Weapon Boutique.
 54258 | Elf:1    | Reached skill level 15 in Earth Magic
 54407 | Elf:1    | Found a shimmering blue altar of Sif Muna.
 54458 | Elf:1    | Found Quil's Armour Shop.
 54542 | Elf:1    | Found a runed translucent gate.
 54543 | Elf:1    | Found a runed translucent gate.
 54544 | Elf:1    | Found a runed translucent gate.
 54545 | Elf:1    | Noticed Ennajel's ghost (adept DsMo)
 54697 | Elf:2    | Identified the +1 tower shield of Makhleb's Reproof {-Tele
                  | Regen+ Str+6 Int-5}
 54697 | Elf:2    | Noticed Louise
 54710 | Elf:2    | Killed Louise
 54946 | Elf:2    | Found a flickering gateway to a bazaar.
 54964 | Bazaar   | Entered a bazaar
 54968 | Bazaar   | Found Cumicuol's Distillery.
 54990 | Bazaar   | Found Byfacise's Antique Weapon Shoppe.
 55008 | Bazaar   | Found Duhaed's Book Boutique.
 55026 | Bazaar   | Found Amypocu's Antique Armour Emporium.
 55063 | Bazaar   | Bought a smoking cloak for 180 gold pieces
 55063 | Bazaar   | Identified the +3 cloak of Slovenliness {-Cast rC+ Str+5}
                  | (You bought it in a shop in a bazaar)
 55065 | Bazaar   | Bought an ichor-stained leather armour for 133 gold pieces
 55065 | Bazaar   | Identified the +3 leather armour of Fun and Games {Rampage
                  | +Blink Regen+} (You bought it in a shop in a bazaar)
 55094 | Bazaar   | Bought a potion of invisibility for 112 gold pieces
 55691 | Elf:2    | Found Ebbihiax's Book Emporium.
 55691 | Elf:2    | Found Netofian's Jewellery Shop.
 55692 | Elf:2    | Found Osan's Jewellery Shop.
 56019 | Elf:2    | Found a runed translucent gate.
 56020 | Elf:2    | Found a runed translucent gate.
 56020 | Elf:2    | Found a runed translucent gate.
 56712 | Elf:2    | Reached skill level 16 in Earth Magic
 57375 | Elf:2    | Received a gift from Sif Muna
 57376 | Elf:2    | Got Sif Muna's Almanac of the Nocuous Winter {god gift}
 57416 | Elf:2    | Noticed a deep elf blademaster
 57422 | Elf:2    | Killed a deep elf blademaster
 57951 | Elf:2    | Reached XP level 20. HP: 159/159 MP: 22/38
 58341 | Elf:3    | Entered Level 3 of the Elven Halls
 58562 | Elf:3    | Identified the +0 flail of Daovef {drain, rF+ rN+ Dex+2}
 59313 | Elf:3    | Reached skill level 15 in Spellcasting
 59559 | Elf:3    | Found Yckos's Armour Shop.
 60295 | Elf:3    | Identified the +10 long sword "ETAOIN SHRDLU" {flame, *Slow
                  | Fly rElec rF+}
 61102 | Elf:3    | Received a gift from Sif Muna
 61103 | Elf:3    | Got Sif Muna's Atlas of Solid Leadership {god gift}
 61204 | Elf:3    | Reached skill level 5 in Armour
 61315 | Elf:3    | Learned a level 7 spell: Seismic Cannonade
 61339 | Elf:3    | Found the +27 heavy crossbow "Sniper" {heavy, Acc+∞ SInv}
 61366 | Elf:3    | Got the Opusculum on the Volatile Wyrd
 61442 | Elf:3    | Acquired the +1 pair of gloves "Athru" {Will+ Str+2}
 61524 | Elf:3    | Identified the +8 orcbow "Huaf" {drain, rElec rF+ SInv}
 61809 | Elf:2    | Learned a level 6 spell: Eringya's Noxious Bog
 62190 | Elf:1    | Identified the +0 cloak of Hucem {rPois rN+ Str+3 Stlth-}
 62562 | Snake:1  | Entered Level 1 of the Snake Pit
 62982 | Snake:1  | Reached skill level 17 in Earth Magic
 63546 | Snake:1  | Reached XP level 21. HP: 165/165 MP: 29/40
 65055 | Snake:2  | Reached skill level 18 in Earth Magic
 65805 | Snake:3  | Reached skill level 15 in Invocations
 66528 | Snake:3  | Received a gift from Sif Muna
 66531 | Snake:3  | Got Esese's Incunabulum of Gloomy Aeromancy {god gift}
 66619 | Snake:3  | Acquired the +3 pair of mountain boots {steadfast, rC+}
 66619 | Snake:3  | Found the +3 pair of mountain boots {steadfast, rC+}
 66912 | Snake:4  | Entered Level 4 of the Snake Pit
 67876 | Snake:4  | Reached skill level 19 in Earth Magic
 68206 | Snake:4  | Noticed Vashnia
 68238 | Snake:4  | Killed Vashnia
 68903 | Snake:4  | Reached skill level 20 in Earth Magic
 69532 | Snake:4  | Got a serpentine rune of Zot
 69859 | Vaults:1 | Entered Level 1 of the Vaults
 70146 | Vaults:1 | Found Fariudwo's Weapon Shoppe.
 70347 | Vaults:1 | Reached XP level 22. HP: 148/172 MP: 19/41
 70348 | Vaults:1 | Reached skill level 21 in Earth Magic
 70655 | Vaults:1 | Received a gift from Sif Muna
 70656 | Vaults:1 | Got Sif Muna's Encyclopedia of the Sandy Iliaster {god
                  | gift}
 71103 | Vaults:1 | Noticed an ancient lich
 71120 | Vaults:1 | Killed an ancient lich
 71121 | Vaults:1 | Reached skill level 22 in Earth Magic
 71315 | Vaults:1 | Identified the +3 leather armour of the Eight Wonders
                  | {rPois rF+ Str+4}
 71630 | Vaults:1 | Identified the +0 leather armour of Lust {Harm Str+2}
 71978 | Vaults:1 | Identified the +1 leather armour of Hedge Wizardry {Str+5
                  | SInv}
 72506 | Vaults:2 | Reached skill level 23 in Earth Magic
 72687 | Vaults:2 | Received a gift from Sif Muna
 72688 | Vaults:2 | Got Sif Muna's Collected Works on Hurting {god gift}
 72812 | Vaults:2 | Found a portal to a secret trove of treasure.
 73969 | Vaults:2 | Reached skill level 24 in Earth Magic
 74638 | Vaults:3 | Reached XP level 23. HP: 178/178 MP: 22/42
 75211 | Vaults:3 | Received a gift from Sif Muna
 75601 | Vaults:3 | Found a staircase to the Crypt.
 75625 | Vaults:3 | Reached skill level 25 in Earth Magic
 77406 | Vaults:4 | Noticed Bai Suzhen
 77421 | Vaults:4 | Killed Bai Suzhen
 77573 | Vaults:4 | Reached skill level 26 in Earth Magic
 77905 | Vaults:4 | Found a huge runed translucent gate.
 77905 | Vaults:4 | Found a huge runed translucent gate.
 77905 | Vaults:4 | Found a huge runed translucent gate.
 77927 | Vaults:4 | Found a huge runed translucent gate.
 77927 | Vaults:4 | Found a huge runed translucent gate.
 77928 | Vaults:4 | Found a huge runed translucent gate.
 77928 | Vaults:4 | Found a huge runed translucent gate.
 77928 | Vaults:4 | Found a huge runed translucent gate.
 77928 | Vaults:4 | Found a huge runed translucent gate.
 77929 | Vaults:4 | Found a huge runed translucent gate.
 77929 | Vaults:4 | Found a huge runed translucent gate.
 77929 | Vaults:4 | Found a huge runed translucent gate.
 77929 | Vaults:4 | Found a huge runed translucent gate.
 77930 | Vaults:4 | Found a huge runed translucent gate.
 77931 | Vaults:4 | Found a huge runed translucent gate.
 77931 | Vaults:4 | Found a huge runed translucent gate.
 77937 | Vaults:4 | Found a huge runed translucent gate.
 77938 | Vaults:4 | Found a huge runed translucent gate.
 77941 | Vaults:4 | Found a huge runed translucent gate.
 78045 | Vaults:4 | Found a huge runed translucent gate.
 78045 | Vaults:4 | Found a huge runed translucent gate.
 78048 | Vaults:4 | Found a huge runed translucent gate.
 78051 | Vaults:4 | Found a huge runed translucent gate.
 78052 | Vaults:4 | Found a huge runed translucent gate.
 78052 | Vaults:4 | Found a huge runed translucent gate.
 78054 | Vaults:4 | Found a huge runed translucent gate.
 78081 | Vaults:4 | Found a huge runed translucent gate.
 78082 | Vaults:4 | Found a huge runed translucent gate.
 78083 | Vaults:4 | Found a huge runed translucent gate.
 78083 | Vaults:4 | Found a huge runed translucent gate.
 78087 | Vaults:4 | Found a huge runed translucent gate.
 78088 | Vaults:4 | Found a huge runed translucent gate.
 78089 | Vaults:4 | Found a huge runed translucent gate.
 78089 | Vaults:4 | Found a huge runed translucent gate.
 78089 | Vaults:4 | Found a huge runed translucent gate.
 78091 | Vaults:4 | Found a huge runed translucent gate.
 78138 | Vaults:4 | Received a gift from Sif Muna
 78139 | Vaults:4 | Got Sif Muna's Spellbook of Attacks {god gift}
 79300 | Depths:1 | Entered Level 1 of the Depths
 80434 | Depths:1 | Noticed Saint Roka
 80438 | Depths:1 | Reached skill level 27 in Earth Magic
 80495 | Depths:1 | Learned a level 9 spell: Shatter
 80531 | Depths:1 | Reached XP level 24. HP: 185/185 MP: 11/42
 80531 | Depths:1 | Killed Saint Roka
 80864 | Depths:1 | Found a gateway to Hell.
 81194 | Depths:2 | Noticed a caustic shrike
 81337 | Depths:2 | Noticed a golden dragon
 81517 | Depths:2 | Noticed Asterion
 81520 | Depths:2 | Killed Asterion
 81802 | Depths:2 | Reached skill level 15 in Shields
 82299 | Depths:2 | Received a gift from Sif Muna
 82300 | Depths:2 | Got Sif Muna's Folio of Baneful Hail {god gift}
 82763 | Elf:2    | Killed Ennajel's ghost
 82878 | Elf:2    | Learned a level 6 spell: Permafrost Eruption
 83142 | Depths:1 | Killed a golden dragon
 83770 | Depths:2 | Reached skill level 15 in Fighting
 83946 | Depths:2 | Killed a caustic shrike
 84198 | Depths:2 | Identified the -1 pair of boots of Dupeenk Ehit {rPois}
 84229 | Depths:2 | Upgraded the game from 0.32-a0-960-g3814254bd7 to
                  | 0.32-a0-968-g61e5eb5241
 84263 | Depths:2 | Identified the +0 barding of Dogma {Dex+3}
 84418 | Depths:2 | Found a one-way gateway to a ziggurat.
 85174 | Depths:3 | Found Risahog's Book Shoppe.
 85271 | Depths:3 | Found Zoxejes's Weapon Shoppe.
 85397 | Depths:3 | Reached skill level 1 in Ice Magic
 85433 | Depths:3 | Noticed a juggernaut
 85442 | Depths:3 | Killed a juggernaut
 85644 | Depths:3 | Noticed a golden dragon
 85664 | Depths:3 | Killed a golden dragon
 85665 | Depths:3 | Reached skill level 5 in Ice Magic
 85666 | Depths:3 | Reached XP level 25. HP: 180/197 MP: 4/43
 86595 | Depths:3 | Received a gift from Sif Muna
 86833 | Depths:3 | Found a one-way gate to the infinite horrors of the Abyss.
 87257 | Depths:4 | Entered Level 4 of the Depths
 87262 | Depths:4 | Reached skill level 10 in Conjurations
 87404 | Depths:4 | Noticed a caustic shrike
 87406 | Depths:4 | Noticed a caustic shrike
 87407 | Depths:4 | Noticed a caustic shrike
 87407 | Depths:4 | Noticed a caustic shrike
 87568 | Depths:4 | Noticed a caustic shrike
 87572 | Depths:3 | Killed a caustic shrike
 87645 | Depths:3 | Killed a caustic shrike
 87697 | Depths:3 | Killed a caustic shrike
 87792 | Depths:4 | Killed a caustic shrike
 87868 | Depths:4 | Killed a caustic shrike
 88017 | Depths:4 | Received a gift from Sif Muna
 88018 | Depths:4 | Got Sif Muna's Secrets of Magnum Hurting {god gift}
 88495 | Elf:3    | Learned a level 8 spell: Lehudib's Crystal Spear
 89077 | Depths:4 | Found a transporter.
 89077 | Depths:4 | Found a white marble altar of Elyvilon.
 89077 | Depths:4 | Found the +3 pair of gauntlets of War {Slay+5}
 89201 | Depths:4 | Identified the +0 rapier of a bazaar {pain, Int+3 Stlth+}
 89210 | Depths:4 | Found a gate to the Realm of Zot.
 89336 | Depths:4 | Found a transporter.
 89967 | Shoals:1 | Bought the ring "Tixajele" {rC+ rN+} for 578 gold pieces
 90181 | Crypt:1  | Entered Level 1 of the Crypt
 90539 | Crypt:1  | Noticed a dread lich
 90542 | Crypt:1  | Killed a dread lich
 90548 | Crypt:1  | Reached XP level 26. HP: 198/204 MP: 5/45
 90971 | Crypt:1  | Received a gift from Sif Muna
 90972 | Crypt:1  | Got Sif Muna's Compendium of Stony Peregrination {god gift}
 91735 | Crypt:2  | Noticed Grunn
 91830 | Crypt:2  | Killed Grunn
 91837 | Crypt:2  | Noticed Margery
 91842 | Crypt:2  | Killed Margery
 92043 | Crypt:2  | Reached ****** piety under Sif Muna
 92432 | Crypt:2  | Noticed Mennas
 92578 | Crypt:2  | Killed Mennas
 92929 | Crypt:3  | Entered Level 3 of the Crypt
 93128 | Crypt:3  | Received a gift from Sif Muna
 93856 | Crypt:3  | Identified the +0 leather armour of the Dungeon {Fly}
 94137 | Crypt:3  | Found the +7 hand cannon "Mule" {flame, backblast, rF+}
 94186 | Crypt:3  | Noticed a dread lich
 94190 | Crypt:3  | Killed a dread lich
 94423 | Crypt:3  | Got the Volume of the Catacomb
 94617 | Crypt:3  | Found a staircase to the Tomb.
 94619 | Crypt:3  | Noticed a dread lich
 94621 | Crypt:3  | Killed a dread lich
 94637 | Crypt:3  | Noticed an ancient lich
 94640 | Crypt:3  | Killed an ancient lich
 94641 | Crypt:3  | Reached XP level 27. HP: 214/214 MP: 18/45
 95585 | Vaults:5 | Entered Level 5 of the Vaults
 95586 | Vaults:5 | Received a gift from Sif Muna
 95594 | Vaults:5 | Noticed Jory
 95596 | Vaults:5 | Killed Jory
 95611 | Vaults:5 | Reached skill level 10 in Armour
 95796 | Vaults:5 | Received a gift from Sif Muna
 95947 | Vaults:5 | Identified the +9 glaive of a bazaar {venom, ^Fragile rElec
                  | Int+5}
 96746 | Vaults:5 | Found the +8 frozen axe "Frostbite" {freeze, freezing
                  | cloud, *Noise Fly rC+}
 96776 | Vaults:5 | Identified the +3 robe of a wizard's laboratory {rF+ Str+3}
 96780 | Vaults:5 | Identified the +5 dagger "Pybrut" {antimagic, rC+}
 96801 | Vaults:5 | Identified the +2 leather armour of Duemmua {^Drain +Blink
                  | rN+++ Slay-4}
 96812 | Vaults:5 | Identified the staff of Iwo Ahiob {*Slow rF+ Int-4 Fire Ice
                  | Alchemy}
 96953 | Vaults:5 | Identified the +0 chain mail of the Endless Places {rC-
                  | Str+5 Dex+5}
 96962 | Vaults:5 | Identified the +2 plate armour "Olohilie" {rN++ Str+4
                  | Stlth-}
 97368 | Vaults:5 | Identified the ring "Otse" {Fly rF+ EV+5 Slay+3}
 97409 | Vaults:5 | Got a silver rune of Zot
 97905 | Zot:1    | Entered Level 1 of the Realm of Zot
 98319 | Shoals:1 | Bought the ring of Fuetz {EV+5 Dex+3 Slay-3} for 623 gold
                  | pieces
 99517 | Zot:1    | Found a broken altar of Ashenzari.
 99552 | Zot:1    | Found a radiant altar of Vehumet.
 99824 | Zot:1    | Received a gift from Sif Muna
101152 | Zot:2    | Reached skill level 15 in Dodging
101277 | Zot:2    | Noticed an orb of fire
101279 | Zot:2    | Gained mutation: You are frail. (-10% HP) [an orb of fire]
101287 | Zot:2    | Gained mutation: You are clumsy. (Dex -2) [an orb of fire]
101295 | Zot:2    | Killed an orb of fire
101694 | Zot:2    | Identified the +9 scimitar "Lifebane" {pain, ^Fragile rElec
                  | rC++}
102533 | Elf:1    | Bought a scroll of enchant armour for 105 gold pieces
102859 | Shoals:3 | Killed koorschki's ghost
103201 | D:3      | Bought a scroll of fog for 80 gold pieces
103201 | D:3      | Bought a scroll of enchant armour for 150 gold pieces
103890 | D:15     | Killed Roxanne
104523 | Zot:2    | Lost mutation: You are clumsy. (Dex -2) [potion of
                  | mutation]
104523 | Zot:2    | Lost mutation: You are frail. (-10% HP) [potion of
                  | mutation]
104523 | Zot:2    | Gained mutation: Your flesh is cold resistant. (rC+)
                  | [potion of mutation]
104812 | Zot:3    | Found a transporter.
105081 | Zot:3    | Noticed a Killer Klown
105098 | Zot:3    | Noticed a Killer Klown
105118 | Zot:3    | Noticed an ancient lich
105119 | Zot:3    | Noticed a Killer Klown
105136 | Zot:3    | Found a transporter.
105136 | Zot:3    | Noticed Raoschyll's ghost (legendary FoHu)
105137 | Zot:3    | Noticed a Killer Klown
105315 | Zot:3    | Noticed a Killer Klown
105319 | Zot:3    | Noticed a Killer Klown
105329 | Zot:3    | Received a gift from Sif Muna
105329 | Zot:3    | Killed a Killer Klown
105330 | Zot:3    | Killed a Killer Klown
105347 | Zot:3    | Got Sif Muna's Omnibus of the Spatial Salvo {god gift}
105710 | Zot:4    | Identified the +0 ring mail "Sinagaur" {Slay+5}
106921 | Zot:5    | Entered Level 5 of the Realm of Zot
107626 | Zot:5    | Found a transporter.
107633 | Zot:5    | Found a transporter.
107653 | Zot:5    | Found a transporter.
107876 | Zot:5    | Found a transporter.
108068 | Zot:5    | Noticed an ancient lich
108070 | Zot:5    | Noticed an orb of fire
108248 | Zot:5    | Killed an orb of fire
108253 | Zot:5    | Noticed an orb of fire
108262 | Zot:5    | Noticed an orb of fire
108264 | Zot:5    | Killed an orb of fire
108265 | Zot:5    | Gained mutation: You occasionally lose the ability to drink
                  | potions when taking damage. [an orb of fire]
108266 | Zot:5    | Noticed a Killer Klown
108269 | Zot:5    | Noticed a Killer Klown
108270 | Zot:5    | Reached skill level 15 in Armour
108272 | Zot:5    | Killed an orb of fire
108287 | Zot:5    | Killed a Killer Klown
108500 | Zot:5    | Killed an ancient lich
108501 | Zot:5    | Killed a Killer Klown
108667 | Zot:5    | Noticed a dread lich
108672 | Zot:5    | Killed a dread lich
108760 | Zot:5    | Noticed an orb of fire
108763 | Zot:5    | Gained mutation: Armour fits poorly on your strangely
                  | shaped body. [an orb of fire]
108771 | Zot:5    | Killed an orb of fire
108974 | Zot:5    | Noticed a dread lich
108976 | Zot:5    | Killed a dread lich
108977 | Zot:5    | Noticed an orb of fire
108987 | Zot:5    | Killed an orb of fire
109233 | Zot:5    | Noticed a Killer Klown
109239 | Zot:5    | Killed a Killer Klown
109330 | Zot:5    | Noticed an ancient lich
109332 | Zot:5    | Killed an ancient lich
109612 | Zot:5    | Noticed an orb of fire
109614 | Zot:5    | Gained mutation: You sometimes lose the ability to drink
                  | potions when taking damage. [an orb of fire]
109614 | Zot:5    | Gained mutation: Your spells are a little easier to cast,
                  | but a little less powerful. [an orb of fire]
109620 | Zot:5    | Gained mutation: You occasionally shout uncontrollably at
                  | your foes. [an orb of fire]
109622 | Zot:5    | Killed an orb of fire
109628 | Zot:5    | Lost mutation: Your spells are a little easier to cast, but
                  | a little less powerful. [potion of mutation]
109628 | Zot:5    | Lost mutation: You occasionally shout uncontrollably at
                  | your foes. [potion of mutation]
109628 | Zot:5    | Gained mutation: You are clumsy. (Dex -2) [potion of
                  | mutation]
109628 | Zot:5    | Gained mutation: Your mind is acute. (Int +4, Str/Dex -1)
                  | [potion of mutation]
109629 | Zot:5    | Lost mutation: Your flesh is cold resistant. (rC+) [potion
                  | of mutation]
109629 | Zot:5    | Lost mutation: Armour fits poorly on your strangely shaped
                  | body. [potion of mutation]
109629 | Zot:5    | Lost mutation: You are clumsy. (Dex -2) [potion of
                  | mutation]
109629 | Zot:5    | Gained mutation: You are somewhat resistant to further
                  | mutation. [potion of mutation]
110178 | Zot:5    | Found a transporter.
110197 | Zot:5    | Found a transporter.
110436 | Zot:5    | Found a transporter.
110743 | Zot:5    | Got the Orb of Zot
111277 | D:$      | Escaped with the Orb!

Illustrated notes

Levels and vault maps discovered:
D:1:      dpeg_arrival_pond, layout_basic, ebering_ecumenical_altar_mist
D:2:      layout_loops_ring
D:3:      layout_basic, serial_shops, shop, shop, shop, nicolae_shop_stone,
          uniq_crazy_yiuf_cottage, uniq_terence, uniq_grinder
D:4:      layout_basic, minmay_temple_entry_ruins, serial_shops, shop,
          nicolae_ossuary_entry_ruins, uniq_eustachio
D:5:      layout_gridville, minmay_misc_feat_rows, grunt_decor_mini_mirrors,
          hangedman_decor_slide_cut, uniq_edmund
D:6:      layout_basic, serial_undead, serial_undead_e, serial_undead_e,
          serial_undead_a, serial_undead_d, minmay_misc_feat_roman
D:7:      kb_forest_paths, layout_loops_ring, amcnicky_altar_gilded,
          lemuel_round_altar, marbit_many_paths
D:8:      layout_rooms, minitemple
D:9:      layout_basic, nicolae_dithmenos_the_darkroom,
          mainiacjoe_overflow_small_starburst, zin_treasury
D:10:     layout_irregular_city, grunt_temple_overflow_growth_and_decay,
          lair_entry_dummy, uniq_erolcha
D:11:     regret_index_malice_mire, layout_grid_maze
D:12:     layout_loops_ring, orc_0_dummy, serial_shops, shop, uniq_sonja
D:13:     layout_rooms, erik_vaults_2, special_room [special_room_orc]
D:14:     layout_loops_corners, uniq_azrael
D:15:     grunt_enter_depths_magical_seal, layout_loops_cross, uniq_roxanne,
          uniq_rupert, uniq_kirke
Temple:   minmay_temple_forest_path
Lair:1:   layout_chaotic_city, st_stairs_11, serial_bayou_lagoon_b
Lair:2:   layout_layer_cave, minmay_shoals_entry_centaurs, dummy_snake_entry,
          grunt_megastairs_2
Lair:3:   layout_gridlike, st_stairs_12, roderic_carrion_pond, evilmike_ambush
          [evilmike_ambush_outer_basic, evilmike_ambush_inner_pond],
          serial_bayou_shore_b, serial_bayou_shore_a
Lair:4:   layout_hall_layers, grunt_megastairs_3
Lair:5:   grunt_lair_end_beastmaster, layout_cave_pods,
          nicolae_slime_entry_field_trip, nicolae_volcano_entry_vermiform,
          maelrawn_ghost_gauntlet_escape, cheibrodos_lair_lostbears,
          serial_bayou_shore_b, infiniplex_staircase_pool_2, uniq_urug
Shoals:1: layout_shoals, serial_shops, shop, nicolae_shop_firing_range
Shoals:2: layout_shoals
Shoals:3: layout_shoals, gammafunk_ghost_wrathful_warriors, serial_shops,
          nicolae_shop_tiny_waterfront, uniq_polyphemus
Shoals:4: shoals_end_hellmonk_lost_city
Snake:1:  layout_onion_interference
Snake:2:  layout_cave_pods
Snake:3:  layout_gridlike
Snake:4:  snake_pit, layout_layer_cave, uniq_vashnia
Orc:1:    layout_diamond_mine, serial_shops, shop_statue,
          nicolae_shop_tiny_glass, shop_statue, elves_outpost_lemuel
Orc:2:    pf_orc_diabolical, layout_diamond_mine, gammafunk_ghost_smash,
          uniq_nessos
Elf:1:    layout_loops_ring, serial_shops, shop, gammafunk_ghost_tricky_traps,
          guppyfry_elf_altar, solitary_fountain, minmay_shoptagon
Elf:2:    nicolae_elf_blades_crystal_corner, layout_geoelf_grid, serial_shops,
          bzr_entry_islet, eino_tiny_chamber, nicolae_letterblocks
          [nicolae_letter_subblock, nicolae_letter_subblock,
          nicolae_letter_subblock, nicolae_letter_subblock,
          nicolae_letter_subblock, nicolae_letter_subblock,
          nicolae_letter_subblock, nicolae_letter_subblock,
          nicolae_letter_subblock, nicolae_letter_subblock,
          nicolae_letter_subblock, nicolae_letter_subblock,
          nicolae_letter_subblock, nicolae_letter_subblock,
          nicolae_letter_subblock, nicolae_letter_subblock,
          nicolae_letter_subblock, nicolae_letter_subblock,
          nicolae_letter_subblock, nicolae_letter_subblock,
          nicolae_letter_subblock, nicolae_letter_subblock,
          nicolae_letter_subblock, nicolae_letter_subblock,
          nicolae_letter_subblock], minmay_shop_grove, uniq_louise
Elf:3:    minmay_elf_hall_x, layout_geoelf_octagon, serial_shops, shop
Vaults:1: nicolae_vaults_more_shelving_2, st_greater_box_5,
          nicolae_vaults_double_plus_2, nicolae_vaults_storage_closets_1,
          nicolae_vaults_tetromino_T_2, hangedman_vaults_locks,
          vaults_room_stairs_pillars, ontoclasm_vaults_pinch,
          layout_vaults_omnigrid, serial_shops, nicolae_shop_peninsula
Vaults:2: nicolae_vaults_mini_display_case, ontoclasm_vaults_spin,
          ontoclasm_vaults_ring_large, nicolae_vaults_turnstiles,
          nicolae_vaults_weapon_check, nicolae_vaults_an_arrangement,
          vaults_dpeg_doors, nicolae_vaults_storage_room_water,
          vaults_room_door_hall, layout_vaults_maze, nicolae_trove_entry_columns
Vaults:3: nicolae_vaults_twisting_passages, nicolae_vaults_oval_intersection,
          nicolae_vaults_steering_wheel, nicolae_vaults_tetromino_T_2,
          nicolae_vaults_trapezoid_layered, v_misc_19,
          minmay_crypt_entry_nasty_monster, nicolae_vaults_mitosis,
          nicolae_vaults_house_1, vaults_room_pool, nicolae_vaults_tangram_2,
          nicolae_vaults_house_3, layout_vaults_chaotic_city
Vaults:4: gammafunk_ghost_door_vault, nicolae_vaults_little_squares_4,
          hangedman_vaults_hat, nicolae_vaults_rhombus_7, st_diamondy,
          vaults_room_stairs_pillars, v_pattern_5, nicolae_vaults_trapezoid_4,
          nicolae_vaults_trapezoid_lopsided_3, nicolae_vaults_network_periphery,
          nicolae_vaults_storage_closets_2, v_misc_26,
          nicolae_vaults_closet_pinwheel_3, nicolae_vaults_apartment_2,
          layout_vaults_omnibox, uniq_bai_suzhen
Vaults:5: uniq_jory
Crypt:1:  grunt_deathspiral_small, layout_gridlike, grunt_crypt_arrival_split
Crypt:2:  layout_catacombs, unseen_surprise_small, uniq_mennas, uniq_grunn,
          uniq_margery
Crypt:3:  quadcrypt_mu
Depths:1: layout_twisted_cross, grunt_metal_band, chequers_jeans,
          onia_ninara_cookie, uniq_saint_roka
Depths:2: minmay_the_grid_octo_tiled_octocenter_mashed
          [minmay_the_grid_octo_odd_swirl, minmay_the_grid_octo_clover,
          minmay_the_grid_octo_teeth, minmay_the_grid_octo_tetromino_candy,
          minmay_the_grid_octo_prize_ultimate_mussel_roller,
          minmay_the_grid_square_5x5_checkered_sparse,
          minmay_the_grid_square_5x5_bite, minmay_the_grid_square_5x5_moneybag,
          minmay_the_grid_square_5x5_tetrominoes], layout_honeycomb,
          enter_ziggurat_b, hell_entry, reono_crystal_passage,
          rand_demon_pan_entry_3, uniq_asterion
Depths:3: four-leaf_vault, layout_gridlike, rand_demon_pan_entry_7, hell_entry,
          abyss_entry, minmay_shop_star
Depths:4: grunt_twist_and_shout, layout_small_grid, pan_entry, abyss_entry,
          hangedman_geh_valley, elyvilon_altar_4
Zot:1:    layout_gridlike, regret_index_zot_stipple_split
Zot:2:    layout_gridville, st_small_dragon_hoard_3, hangedman_zot_wheel_spokes,
          lemuel_baited_zot_trap
Zot:3:    grunt_zot_stairs_faceoff, layout_misc_corridors,
          gammafunk_ghost_abyssal_escape
Zot:4:    layout_twisted_circle
Zot:5:    layout_basic, hangedman_zot_decor_scrapings,
          nicolae_transporter_intersection

Skill      XL: |  1  2  3  4  5  6  7  8  9 10 11 12 13 14 15 16 17 18 19 20 21 22 23 24 25 26 27 |
---------------+----------------------------------------------------------------------------------+-----
Conjurations   | 1 2 3 5 7 11 13 | 13.0
Air Magic      | 1 2 3 |  3.0
Alchemy        | 5 6 8 10 12 15 18 | 18.0
Spellcasting   | 3 5 8 9 11 12 13 14 15 16 18 | 18.0
Fire Magic     | 4 5 6 7 |  7.5
Fighting       | 5 6 9 11 12 13 14 16 17 22 | 22.0
Invocations    | 2 3 5 7 10 11 14 15 | 15.0
Stealth        | 4 |  4.0
Dodging        | 2 5 7 8 10 13 15 | 15.0
Evocations     | 4 6 |  6.0
Hexes          | 8 9 10 | 10.0
Armour         | 1 3 5 17 | 17.0
Shields        | 8 12 15 19 | 19.2
Earth Magic    | 6 12 13 16 17 20 24 27 | 27.0
Ice Magic      | 5 |  5.0

Action                     |  1- 3 |  4- 6 |  7- 9 | 10-12 | 13-15 | 16-18 | 19-21 | 22-24 | 25-27 || total
---------------------------+-------+-------+-------+-------+-------+-------+-------+-------+-------++-------
  Melee: Mace              |     1 |       |       |    48 |   226 |   188 |       |       |       ||   463
         Spear             |       |    16 |   184 |    11 |       |       |       |       |       ||   211
         Staff             |       |       |       |       |       |       |    18 |    55 |    71 ||   144
         Long sword        |       |       |       |       |       |       |       |     1 |       ||     1
  Throw: Stone             |     4 |       |     7 |       |       |       |       |       |       ||    11
   Cast: Sting             |    30 |    29 |    49 |     7 |       |       |       |       |       ||   115
         Mercury Vapours   |    12 |    10 |    19 |     3 |    22 |     6 |     1 |       |       ||    73
         Olgreb's Toxic Ra |       |     3 |    42 |    94 |   240 |   350 |   175 |   158 |     7 ||  1069
         Mephitic Cloud    |       |     2 |     7 |     8 |    27 |     3 |       |       |       ||    47
         Sticky Flame      |       |       |    13 |    37 |   103 |    80 |     6 |     1 |       ||   240
         Fulminant Prism   |       |       |       |    12 |    48 |    31 |     3 |       |       ||    94
         Cause Fear        |       |       |       |       |    11 |     6 |       |       |       ||    17
         Yara's Violent Un |       |       |       |       |    24 |     9 |    12 |     4 |     5 ||    54
         Ignite Poison     |       |       |       |       |    24 |   179 |   112 |    96 |     6 ||   417
         Alistair's Intoxi |       |       |       |       |     5 |     4 |       |       |       ||     9
         Irradiate         |       |       |       |       |       |    32 |    37 |    25 |    59 ||   153
         Lee's Rapid Decon |       |       |       |       |       |     4 |   232 |   170 |   202 ||   608
         Seismic Cannonade |       |       |       |       |       |       |    23 |    26 |     3 ||    52
         Eringya's Noxious |       |       |       |       |       |       |    21 |    18 |     2 ||    41
         Shatter           |       |       |       |       |       |       |       |    54 |   322 ||   376
         Permafrost Erupti |       |       |       |       |       |       |       |     2 |   154 ||   156
         Lehudib's Crystal |       |       |       |       |       |       |       |       |    93 ||    93
         Maxwell's Capacit |       |       |       |       |       |       |       |       |     1 ||     1
         Fulsome Fusillade |       |       |       |       |       |       |       |       |     1 ||     1
         Dragon's Call     |       |       |       |       |       |       |       |       |     1 ||     1
 Invoke: Channel Magic     |       |       |       |     2 |     1 |     1 |     5 |     3 |    15 ||    27
         Divine Exegesis   |       |       |       |       |       |       |       |       |     3 ||     3
Ability: Dig               |       |       |     1 |     1 |       |       |       |       |       ||     2
  Evoke: Wand              |       |       |       |       |     5 |     1 |       |       |    10 ||    16
         Lightning rod     |       |       |       |       |       |     1 |       |       |     2 ||     3
         Gell's gravitambo |       |       |       |       |       |       |       |     1 |     3 ||     4
    Use: Scroll            |       |       |    10 |    12 |     4 |     8 |     8 |     3 |    15 ||    60
         Potion            |       |       |       |       |       |       |     1 |       |     7 ||     8
   Stab: Confused          |       |     3 |       |     1 |     1 |       |       |       |       ||     5
         Sleeping          |       |       |     1 |       |       |       |       |       |       ||     1
         Petrified         |       |       |       |       |       |     1 |       |       |       ||     1
 Armour: Robe              |     2 |    17 |       |       |       |       |       |       |       ||    19
         Leather armour    |       |       |   124 |    83 |   301 |   305 |   260 |   241 |   244 ||  1558
         Swamp dragon scal |       |       |       |       |       |       |       |       |    91 ||    91
  Dodge: Dodged            |     9 |    20 |    84 |   107 |   409 |   427 |   159 |   173 |   219 ||  1607
  Block: Buckler           |       |       |       |       |    40 |    70 |       |       |       ||   110
         Kite shield       |       |       |       |       |       |   223 |   211 |   194 |   293 ||   921

Table legend: (Time is in decaauts)
 A = Elapsed time spent in this place.
 B = Non-inter-level travel time spent in this place.
 C = Inter-level travel time spent in this place.
 D = Time resting spent in this place.
 E = Time spent auto-exploring this place.
 F = Levels seen in this place.
 G = Mean time per level.
                   A        B        C        D        E       F      G
               +--------+--------+--------+--------+--------+-----+--------+
         Total | 112088 |  97774 |  14314 |  45057 |  28510 |  54 | 2075.7 |
       Dungeon |  29171 |  23027 |   6144 |   8861 |   7013 |  15 | 1944.7 |
        Temple |     53 |      3 |     50 |      0 |      0 |   1 |   53.0 |
          Lair |  14493 |  13338 |   1155 |   6427 |   3405 |   5 | 2898.6 |
        Shoals |   8176 |   7760 |    416 |   4510 |   1488 |   4 | 2044.0 |
     Snake Pit |   7376 |   6769 |    607 |   2941 |   2542 |   4 | 1844.0 |
  Orcish Mines |   4778 |   3955 |    823 |   1907 |    752 |   2 | 2389.0 |
   Elven Halls |   9253 |   8063 |   1190 |   4628 |   1565 |   3 | 3084.3 |
        Vaults |  12884 |  10949 |   1935 |   5181 |   3859 |   5 | 2576.8 |
         Crypt |   4912 |   4657 |    255 |   1510 |   2141 |   3 | 1637.3 |
        Depths |   9311 |   8210 |   1101 |   4378 |   2299 |   4 | 2327.8 |
           Zot |   9711 |   9078 |    633 |   3855 |   3437 |   5 | 1942.2 |
        Bazaar |    142 |    142 |      0 |      0 |      9 |   1 |  142.0 |
       Ossuary |    966 |    966 |      0 |    427 |      0 |   1 |  966.0 |
       Volcano |    854 |    854 |      0 |    432 |      0 |   1 |  854.0 |
               +--------+--------+--------+--------+--------+-----+--------+

Top non-repeatable levels by time:
Vaults:1: 3745 daAuts
   Elf:2: 3616 daAuts
Vaults:4: 3500 daAuts
  Lair:3: 3490 daAuts
   Elf:3: 3487 daAuts
Depths:1: 3418 daAuts
   Orc:2: 3161 daAuts
  Lair:2: 3143 daAuts
  Lair:5: 2948 daAuts
 Snake:4: 2912 daAuts
    D:15: 2856 daAuts
    D:11: 2761 daAuts
   Zot:5: 2751 daAuts
Vaults:3: 2716 daAuts
  Lair:1: 2632 daAuts
